 Dungeon Crawl Stone Soup version 0.16-a0-249-g5922f4d (webtiles) character file.

492 mpi the Chucker (level 6, 0/61 HPs)
             Began as a Troll Hunter on Aug 22, 2014.
             Slain by a shadow imp (4 damage)
             ... summoned by Eustachio
             ... on Level 4 of the Dungeon.
             The game lasted 00:09:35 (2526 turns).

mpi the Chucker (Troll Hunter)                      Turns: 2526, Time: 00:09:35

HP   0/61        AC  5     Str 22      XL: 6   Next: 91%
MP   3/3         EV 10     Int  7      God:
Gold 99          SH  0     Dex 11      Spells:  0 memorised,  5 levels left

rFire  . . .     SeeInvis .       - Unarmed
rCold  . . .     Clarity  .     g - +0 robe
rNeg   . . .     rCorr    .     (shield restricted)
rPois  .         rRot     .     (helmet restricted)
rElec  .         Spirit   .     (no cloak)
SustAb .         Warding  .     (gloves unavailable)
rMut   .         Stasis   .     (boots unavailable)
Gourm  +                        (no amulet)
MR     .....                    (no ring)
                                (no ring)

@: very slightly contaminated, not resistant to hostile enchantments, very
unstealthy
A: unfitting armour, claws 3, fast metabolism 3, gourmand, regeneration 2,
saprovore 2, shaggy fur 1, tough skin 2
a: no special abilities


You were on level 4 of the Dungeon.
You were not hungry.

You visited 1 branch of the dungeon, and saw 4 of its levels.

You collected 127 gold pieces.
You spent 28 gold pieces at shops.

Inventory:

Missiles
 c - 5 throwing nets (quivered)
Armour
 d - a +0 animal skin
 g - a +0 robe (worn)
Comestibles
 a - 2 meat rations
 i - 3 slices of pizza
 l - 3 bread rations
 t - a beef jerky
Scrolls
 f - 5 scrolls of remove curse
 j - 2 scrolls of teleportation
 o - a scroll of magic mapping {unknown}
 q - 2 scrolls of amnesia
 s - a scroll of recharging {unknown}
 v - a scroll of enchant armour
Potions
 e - 2 potions of haste
 m - 2 potions of poison {unknown}
 n - a potion of brilliance {unknown}
 p - a potion of restore abilities {unknown}
 r - a potion of resistance {unknown}
 u - a potion of might {unknown}
 w - a potion of heal wounds {unknown}


   Skills:
 + Level 3.0 Fighting
 * Level 5.4 Throwing
 + Level 2.3 Armour
 + Level 2.2 Dodging
 - Level 0.4 Stealth
 + Level 2.8 Unarmed Combat


You had 5 spell levels left.
You didn't know any spells.

Dungeon Overview and Level Annotations

Branches:
Dungeon (4/15)
 Temple: D:4-7

Altars:
Dithmenos
Kikubaaqudgha
Nemelex Xobeh
Vehumet

Shops:
D:4 ?

Annotations:
D:4 Eustachio


Innate Abilities, Weirdness & Mutations

You are too large for most types of armour.
You have claws for hands.
Your metabolism is lightning-fast.
You like to eat raw meat.
You heal very quickly.
You can eat rotten meat.
You are covered in fur (AC +1).
You have very tough skin (AC +2).


Message History

The iron imp disappears in a puff of smoke!
The bat hits you but does no damage. The shadow imp hits you.
* * * LOW HITPOINT WARNING * * *
The rat barely misses you. The green rat bites you.
* * * LOW HITPOINT WARNING * * *
The bat hits you but does no damage.
You scratch the bat.
You kill the bat!
The bat's corpse disappears in a puff of smoke!
The shadow imp barely misses you. The green rat bites you.
* * * LOW HITPOINT WARNING * * *
The rat bites you but does no damage.
Unknown command.
Throwing (i - inventory):
c - 6 throwing nets (quivered)
Press: ? - help, Shift-Dir - straight line, f/p - Eustachio
Aim: Eustachio, wielding a cutlass and wearing a leather armour (black smoke, severely wounded)
You throw a throwing net. The throwing net misses Eustachio.
The throwing net hits the quokka.
The quokka is caught in the net!
The quokka struggles to escape the net.
The shadow imp hits you.
You die...

>....###..%.......#
......#..##......##
........###....###
.......## ##..##
........## ##..#
.........## ##.## ##
.[........# ##.## #[.#
.........## ##.5r### ##..#
.........####..r@@r###...#
.........##....###.ยง....#
.............### ###..###
...........<## ##.##
..........### #..#
........### ##.# ........#
#.## .......## #..##
.......# #...##


You could see Eustachio, a green rat, a shadow imp, a quokka (caught) and a rat.

Vanquished Creatures
  A scorpion (D:4)
  An orc priest (D:3)
  2 hounds (D:4)
  2 iguanas (D:4)
  An orc wizard (D:3)
  3 worker ants
  Ijyb (D:4)
  A giant mite (D:2)
  7 adders
  2 worms
  An ooze (D:2)
  3 orcs (D:3)
  A ball python (D:3)
  5 giant cockroaches
  10 hobgoblins
  2 jackals (D:2)
  7 bats
  A giant gecko (D:3)
  5 giant newts
  9 goblins
  14 kobolds
  A quokka (D:4)
  6 rats
86 creatures vanquished.

Vanquished Creatures (others)
  Natasha (D:4)
1 creature vanquished.

Grand Total: 87 creatures vanquished

Notes
Turn   | Place    | Note
--------------------------------------------------------------
     0 | D:1      | mpi, the Troll Hunter, began the quest for the Orb.
     0 | D:1      | Reached XP level 1. HP: 19/19 MP: 1/1
     2 | D:1      | Noticed a dwarf
     2 | D:1      | Noticed a felid
     4 | D:1      | Noticed a demigod
     4 | D:1      | Noticed a tengu
     6 | D:1      | Noticed an octopode
     8 | D:1      | Noticed an elf
     8 | D:1      | Noticed a gargoyle
    10 | D:1      | Noticed a naga
    12 | D:1      | Noticed a formicid
    12 | D:1      | Noticed a merfolk
    14 | D:1      | Noticed an ogre
    14 | D:1      | Noticed a demonspawn
    16 | D:1      | Noticed a human
    16 | D:1      | Noticed a draconian
    18 | D:1      | Noticed a ghoul
    20 | D:1      | Noticed a vampire
    22 | D:1      | Noticed a spriggan
    24 | D:1      | Noticed a minotaur
    24 | D:1      | Noticed a vine stalker
    26 | D:1      | Noticed a troll
    26 | D:1      | Noticed a centaur
    96 | D:1      | Reached XP level 2. HP: 28/28 MP: 1/1
   460 | D:1      | Reached skill level 4 in Throwing
   627 | D:2      | Reached XP level 3. HP: 35/35 MP: 2/2
   782 | D:2      | Found a sparkling altar of Nemelex Xobeh.
   961 | D:2      | Found a shadowy altar of Dithmenos.
   981 | D:2      | Reached skill level 1 in Armour
  1109 | D:3      | Reached XP level 4. HP: 42/42 MP: 2/2
  1207 | D:3      | Found a radiant altar of Vehumet.
  1225 | D:3      | Found an ancient bone altar of Kikubaaqudgha.
  1256 | D:3      | Reached XP level 5. HP: 12/50 MP: 2/2
  1263 | D:3      | HP: 2/50 [poisoned by an adder]
  2141 | D:4      | Reached skill level 5 in Throwing
  2141 | D:4      | Reached XP level 6. HP: 29/59 MP: 3/3
  2230 | D:4      | Found Ziophaoka's Magic Scroll Shop.
  2233 | D:4      | Bought a scroll of identify for 28 gold pieces
  2306 | D:4      | Noticed Natasha
  2317 | D:4      | Killed Natasha
  2472 | D:4      | Noticed Eustachio
  2479 | D:4      | Noticed Ijyb
  2524 | D:4      | Killed Ijyb
  2526 | D:4      | Slain by a shadow imp

Action                   |  1- 3 |  4- 6 || total
-------------------------+-------+-------++-------
Melee: Unarmed           |    80 |   176 ||   256
Throw: Large rock        |     1 |     7 ||     8
       Throwing net      |       |     1 ||     1
  Use: Potion            |       |     5 ||     5
       Scroll            |       |     6 ||     6
 Stab: Sleeping          |       |     3 ||     3
  Eat: Chunk             |     3 |    15 ||    18
       Meat ration       |     1 |       ||     1
